 Dungeon Crawl Stone Soup version 0.14-a0-3278-gb24e923 (webtiles) character file.

312 Kae the Cutter (level 5, -1/32 HPs)
             Began as a Kobold Berserker on Mar 13, 2014.
             Was a Priest of Trog.
             Slain by a gnoll
             ... wielding a +0,+0 flail
              (11 damage)
             ... on Level 3 of the Dungeon.
             The game lasted 00:02:56 (3761 turns).

Kae the Cutter (Kobold Berserker)                   Turns: 3761, Time: 00:02:57

HP  -1/32        AC  2     Str 16      XL: 5   Next: 70%
MP   5/5         EV 15     Int  6      God: Trog [***...]
Gold 151         SH  0     Dex 15      Spells:  0 memorised,  4 levels left

rFire  . . .     SeeInvis .     r - +0 falchion
rCold  . . .     Clarity  .     b - +0 animal skin
rNeg   . . .     Conserve .     (no shield)
rPois  .         rCorr    .     (no helmet)
rElec  .         rRot     .     (no cloak)
SustAb . .       Spirit   .     (no gloves)
rMut   .         Warding  .     (no boots)
Saprov + + .     Stasis   .     (no amulet)
MR     ++...                    (no ring)
                                (no ring)

@: regenerating, very resistant to hostile enchantments, unstealthy
A: disease resistance, carnivore 3, saprovore 2
a: Burn Spellbooks, Berserk, Trog's Hand, Renounce Religion


You were on level 3 of the Dungeon.
You worshipped Trog.
Trog was most pleased with you.
You were full.

You visited 1 branch of the dungeon, and saw 3 of its levels.

You collected 151 gold pieces.

Inventory:

Hand weapons
 a - a +0,+0 short sword
 r - a +0,+0 falchion (weapon)
Armour
 b - a +0 animal skin (worn)
Comestibles
 c - a meat ration
Scrolls
 d - 2 scrolls of enchant weapon I {unknown}
 f - a scroll of random uselessness {unknown}
 g - a scroll of fear {unknown}
 h - a scroll of noise {unknown}
 i - a scroll of enchant armour {unknown}
 j - 6 scrolls of remove curse {unknown}
 m - 2 scrolls of identify {unknown}
 p - a scroll of magic mapping {unknown}
Jewellery
 k - a +2 ring of intelligence {unknown}
 n - a +3 ring of intelligence {unknown}
 q - an uncursed amulet of rage {unknown}
Potions
 e - 2 potions of curing {unknown}
 l - a potion of might {unknown}
 o - 3 potions of poison {unknown}


   Skills:
 - Level 3.2 Fighting
 - Level 7.8 Short Blades
 * Level 0.2 Long Blades
 - Level 1.5 Armour
 - Level 2.4 Dodging


You had 4 spell levels left.
You didn't know any spells.

Dungeon Overview and Level Annotations

Branches:
Dungeon (3/15)

Altars:
Fedhas
Okawaru
Zin


Innate Abilities, Weirdness & Mutations

You recuperate from illness quickly.
You are small and have problems with some larger weapons.
You are carnivorous and can eat meat at any time.
You can eat rotten meat.


Message History

The gnoll is moderately wounded.
You hit the gnoll.
The gnoll is moderately wounded.
The gnoll barely misses you. The gnoll hits you with a flail.
The gnoll barely misses you. The gnoll closely misses you.
You hit the gnoll.
The gnoll is severely wounded.
The gnoll barely misses you. The gnoll hits you with a club.
The gnoll hits you with a club!
You hit the gnoll but do no damage.
The gnoll is severely wounded.
The gnoll closely misses you. The gnoll hits you with a club.
* * * LOW HITPOINT WARNING * * *
The gnoll closely misses you.
You are too injured to fight recklessly!
Use which ability? (? or * to list)
Your skin crawls.
You feel resistant to hostile enchantments.
You feel slightly less full. The gnoll hits you with a flail!
You die...

. #..# #.#..# #
.#..# ## . ....
.. #.#..# ..
####.#... ...
........######.##
...
#...ggg@.....#
...
####.#########
### #.........
#.######.# #.#
#.# #.# #.#
#############.##


You could see 3 gnolls.

Vanquished Creatures
  An orc priest (D:3)
  4 adders
  An ooze (D:3)
  2 ball pythons (D:2)
  4 giant cockroaches
  17 goblins
  8 hobgoblins
  15 jackals
  2 quokkas (D:3)
  10 bats
  3 giant geckos
  4 giant newts
  10 kobolds
  5 rats
86 creatures vanquished.

Notes
Turn   | Place    | Note
--------------------------------------------------------------
     0 | D:1      | Kae, the Kobold Berserker, began the quest for the Orb.
     0 | D:1      | Reached XP level 1. HP: 14/14 MP: 1/1
   120 | D:1      | Reached XP level 2. HP: 9/19 MP: 2/2
   412 | D:1      | Reached skill level 5 in Short Blades
   476 | D:1      | Acquired Trog's second power
   589 | D:1      | Reached XP level 3. HP: 20/23 MP: 3/3
  1473 | D:2      | Found a glowing silver altar of Zin.
  1505 | D:2      | Reached skill level 6 in Short Blades
  1505 | D:2      | Reached XP level 4. HP: 23/28 MP: 4/4
  1512 | D:2      | Found an iron altar of Okawaru.
  2031 | D:2      | Found a blossoming altar of Fedhas.
  2830 | D:3      | Reached skill level 7 in Short Blades
  2830 | D:3      | Reached XP level 5. HP: 16/32 MP: 5/5
  3761 | D:3      | Slain by a gnoll

Action                   |  1- 3 |  4- 6 || total
-------------------------+-------+-------++-------
Melee: Short sword       |   193 |   193 ||   386
       Falchion          |       |    23 ||    23
Invok: Trog's Hand       |       |     4 ||     4
 Stab: Sleeping          |       |     1 ||     1
